[Event "*** SCC Grand Prix: Titled Tuesday Blitz"]
[Site "Chess.com"]
[Date "2020.10.06"]
[Round "6"]
[White "SamuelGhimpu2003"]
[Black "Supernotar"]
[Result "0-1"]
[WhiteElo "2525"]
[BlackElo "2805"]
[TimeControl "180+1"]
[EndTime "11:07:57 PDT"]
[Termination "Supernotar won by resignation"]

1. d4 d5 2. Nc3 Nf6 3. Bf4 a6 4.
e3 e6 5. Nf3 c5 6. dxc5 Bxc5 7.
Bd3 O-O 8. O-O Nc6 9. e4 dxe4 10. Nxe4 Nxe4 11. Bxe4 Qe7 12. c3 e5 13. Bxc6 exf4 14. Re1 Bxf2+ 15. Kxf2 Qc5+ 16. Qd4 Qxc6 17. Rad1 Bg4 18. Ne5 Qc8 19. Rd2 Qf5 20. h3 Bh5 21.
Nf3 Bxf3 22. Kxf3 Qh5+ 23. Kf2 Qh4+ 24. Kf1 Rae8 25. Re4 Rd8 26. Qf2 Qxf2+ 27. Rxf2 g5 28. Re7 b5 29. h4 h6 30. g3 fxg3 31. Rf6 Kg7 32. hxg5 hxg5 33. Rf5 Kg6 34. Rc5 Rd2 35. Rc6+ f6 36. Rxa6 g2+ 37. Kg1 Rh8 0-1

[Event "*** SCC Grand Prix: Titled Tuesday Blitz"]
[Site "Chess.com"]
[Date "2020.10.06"]
[Round "6"]
[White "kuban1991"]
[Black "Borsuk_Konstantin"]
[Result "1-0"]
[WhiteElo "2813"]
[BlackElo "2552"]
[TimeControl "180+1"]
[EndTime "11:07:58 PDT"]
[Termination "kuban1991 won on time"]

1. Nf3 e6 2. g3 b6 3. Bg2 Bb7 4. O-O g6 5. a4 Bg7 6. a5 Ne7 7. d3 d5 8. Nbd2 O-O 9. e4 Nd7 10. a6 Bc8 11. Re1 Nc5 12. exd5 exd5 13. Nb3 Nxa6 14.
Nfd4 c5 15. Nb5 Nc6 16. h4 Be6 17. Rxa6 Qd7 18. Bf4 Nb4 19. Nc7 Nxa6 20. Nxa6 Bxb2 21. d4 c4 22. Nd2 Rac8 23. Nf3 Qb7 24. Qb1 c3 25.
Nb4 Bf5 26. Ne5 Rfd8 27. g4 Be4 28. f3 a5 29. Na2 f6 30. fxe4 fxe5 31. Bxe5 Qd7 32.
Qd1 b5 33. exd5 b4 34. h5 Qb5 35. hxg6 hxg6 36. Qf3 Qd7 37. Qf6 Qh7 38. d6 1-0

[Event "*** SCC Grand Prix: Titled Tuesday Blitz"]
[Site "Chess.com"]
[Date "2020.10.06"]
[Round "6"]
[White "MiroVlasenko"]
[Black "GM_LOADING"]
[Result "1-0"]
[WhiteElo "2802"]
[BlackElo "2513"]
[TimeControl "180+1"]
[EndTime "11:07:59 PDT"]
[Termination "MiroVlasenko won by resignation"]

1. d4 Nf6 2. Bg5 Ne4 3. Bf4 c5 4. d5 d6 5. f3 Nf6 6. c4 g6 7.
Nc3 Bg7 8. e4 O-O 9. Bd3 Nbd7 10.
Nge2 Nh5 11. Bg5 a6 12. Ng3 Nhf6 13. a4 Qa5 14. Qd2 Qb4 15. f4 Re8 16. O-O Ng4 17.
Nge2 Bd4+ 18. Nxd4 cxd4 19. Nb1 Qxd2 20. Nxd2 Nc5 21.
Be2 Ne3 22. Rfc1 a5 23. Ra3 Ra6 24. Nf3 Nxe4 25. Nxd4 Nf5 26. Nb5 Rd8 27. Bd3 Nxg5 28.
fxg5 Bd7 29. Bxf5 Bxf5 30. Re3 Kf8 31. Rce1 Rd7 32. h3 Ra8 33. g4 Bc2 34. Nd4 Bxa4 35. b3 Rc8 36. Rc1 Rdc7 37. bxa4 Rxc4 38. Rxc4 Rxc4 39.
Nb5 Rxa4 40. Ra3 Rc4 41. Rxa5 Rc5 42. Ra8+ Kg7 43. Nd4 Rxd5 44. Nf3 Rd3 45. Kf2 e5 46. Rb8 e4 47. Ng1 d5 48. Rxb7 d4 49. Re7 Rd2+ 50. Kg3 e3 51. Nf3 Rd1 52. Re4 Rf1 53. Rxd4 e2 54.
Re4 1-0

[Event "*** SCC Grand Prix: Titled Tuesday Blitz"]
[Site "Chess.com"]
[Date "2020.10.06"]
[Round "6"]
[White "IMAghasiyevKamal"]
[Black "Sergienko_Sergey"]
[Result "0-1"]
[WhiteElo "2485"]
[BlackElo "2373"]
[TimeControl "180+1"]
[EndTime "11:07:59 PDT"]
[Termination "Sergienko_Sergey won on time"]

1. e4 c5 2. Nf3 a6 3. c3 e6 4.
d4 d5 5. exd5 exd5 6. Be3 c4 7.
b3 cxb3 8. axb3 Nf6 9. Bd3 Be7 10. O-O Bg4 11. h3 Bh5 12. Nbd2 O-O 13. Qc2 Bg6 14.
Bxg6 hxg6 15. Ne5 Nbd7 16. f4 Rc8 17. Qd3 Re8 18. f5 gxf5 19. Rxf5 Nf8 20. Raf1 Qc7 21. c4 dxc4 22. bxc4 N8h7 23. c5 Bxc5 24. Rc1 Qd8 25. Ndf3 Bd6 26. Qb3 Rxc1+ 27. Bxc1 Bxe5 28. dxe5 Qd5 29. Qc3 Ne4 30. Qc7 Ng3 31. Rg5 Nxg5 0-1

[Event "*** SCC Grand Prix: Titled Tuesday Blitz"]
[Site "Chess.com"]
[Date "2020.10.06"]
[Round "6"]
[White "fireheart92"]
[Black "Bigfish1995"]
[Result "0-1"]
[WhiteElo "2873"]
[BlackElo "3105"]
[TimeControl "180+1"]
[EndTime "11:08:01 PDT"]
[Termination "Bigfish1995 won on time"]

1. d4 Nf6 2. c4 e6 3. Nf3 d5 4.
Nc3 dxc4 5. e4 b5 6. e5 Nd5 7.
Nxb5 Nb6 8. Be2 Bb7 9. O-O Nc6 10. Nc3 Be7 11. Qd2 g5 12. Rd1 g4 13. Ne1 h5 14. Nc2 Qd7 15. b3 O-O-O 16. bxc4 Nxe5 17. dxe5 Qc6 18. Nd5 exd5 19. Nd4 Qa4 20. c5 Bxc5 21. Bb2 Nc4 22. Qc1 Rhe8 23. Nb3 Bb6 24. Bf1 Nxb2 25. Qxb2 g3 26. hxg3 h4 27. g4 Qxg4 28. Rac1 h3 29.
g3 Qxg3+ 30. Kh1 Qf3+ 31. Kh2 Qf4+ 32. Kh1 d4+ 0-1

[Event "*** SCC Grand Prix: Titled Tuesday Blitz"]
[Site "Chess.com"]
[Date "2020.10.06"]
[Round "6"]
[White "nitpicker"]
[Black "Nara_Kh"]
[Result "0-1"]
[WhiteElo "2238"]
[BlackElo "2377"]
[TimeControl "180+1"]
[EndTime "11:08:01 PDT"]
[Termination "Nara_Kh won by resignation"]

1. d4 g6 2. e4 Bg7 3. Nc3 d6 4. h3 c6 5. a4 Nf6 6. Nge2 O-O 7. g4 e5 8. Be3 exd4 9. Bxd4 Re8 10. Bg2 d5 11.
exd5 cxd5 12. O-O Nc6 13. Be3 Be6 14. Qd2 Nb4 15. Rad1 Rc8 16. Nd4 b6 17. f4 Bxg4 18. hxg4 Nxg4 19. Bf2 Rc4 20. Nf3 Nxf2 21. Rxf2 d4 22. Re2 Rxe2 23. Nxe2 Nxc2 24. b3 Rc5 25. Nfxd4 Nxd4 26. Nxd4 Qh4 27. Nf3 Qg3 28. Qd8+ Bf8 29. Qg5 Rxg5 30. fxg5 Bc5+ 31. Kh1 Qg4 32. Rd3 Qh5+ 33. Nh2 Qxg5 34. Nf3 Qc1+ 35. Kh2 Qf4+ 36. Kh1 h5 0-1

[Event "*** SCC Grand Prix: Titled Tuesday Blitz"]
[Site "Chess.com"]
[Date "2020.10.06"]
[Round "6"]
[White "Keithonsky"]
[Black "jefferyx"]
[Result "0-1"]
[WhiteElo "2605"]
[BlackElo "2915"]
[TimeControl "180+1"]
[EndTime "11:08:03 PDT"]
[Termination "jefferyx won by resignation"]

1. d4 Nf6 2. c4 c5 3. d5 b5 4. Qc2 g6 5. e4 d6 6. Nf3 Bg7 7. cxb5 O-O 8. Nc3 a6 9. a4 axb5 10. Bxb5 Na6 11. O-O Nb4 12. Qe2 Bg4 13. Be3 Nd7 14.
h3 Bxf3 15. Qxf3 Nc2 16. Qe2 Nxa1 17. Rxa1 Nb8 18. Rd1 Qa5 19. Bd2 Qb4 20. Be1 Rc8 21.
Kh1 c4 22. f4 Qc5 23. e5 dxe5 24. Ne4 Qc7 25. f5 Na6 26. f6 exf6 27. d6 Qd8 28. d7 Rcb8 29. Qxc4 Nc7 30. Nd6 Ne6 31. Bb4 Bf8 32. Ne4 Bxb4 33. Qxb4 Nd4 34. Rxd4 exd4 35. Qxd4 Rb6 36. g4 Rab8 37. h4 h6 38. Kg2 Qe7 39. h5 Kg7 40. hxg6 fxg6 41. b4 Re6 42. Nc5 Rd6 43.
Qf4 Rbb6 44. Ne4 Rd4 45. Kf3 Rxb5 46. axb5 Rd3+ 47. Kg2 Rxd7 48. b6 Rd4 49. b7 Rxb4 50. b8=Q Rxb8 51. Qxb8 Qxe4+ 52. Kg3 Qe5+ 53. Qxe5 fxe5 54.
g5 h5 55. Kf3 Kf7 56. Ke3 Ke6 57. Ke4 h4 58. Kf3 Kf5 0-1

[Event "*** SCC Grand Prix: Titled Tuesday Blitz"]
[Site "Chess.com"]
[Date "2020.10.06"]
[Round "6"]
[White "SergeyShtyka"]
[Black "beto-betun"]
[Result "0-1"]
[WhiteElo "2268"]
[BlackElo "2164"]
[TimeControl "180+1"]
[EndTime "11:08:03 PDT"]
[Termination "beto-betun won on time"]

1. e4 c5 2. Nf3 d6 3. d4 cxd4 4. Nxd4 Nf6 5. Nc3 a6 6. Bd3 e5 7.
Nde2 Be7 8. O-O Be6 9. Ng3 O-O 10. Nh5 Nxh5 11. Qxh5 Nd7 12. Kh1 Nf6 13. Qe2 Qc7 14. a4 Rac8 15. h3 Rfd8 16. f4 exf4 17. Bxf4 Nd7 18.
Nd5 Bxd5 19. exd5 Bf6 20. c3 Re8 21. Qg4 Ne5 22. Bxe5 Bxe5 23. Rf3 g6 24. Raf1 Rf8 25. h4 h5 26. Qg5 Qd8 27. Rf6 Bxf6 28. Rxf6 Rc7 29.
Bxg6 fxg6 30. Rxg6+ Kh8 31. Rh6+ Rh7 32. Qxh5 Rf7 33.
Rxh7+ Rxh7 34. Qf5 Qg8 35. Qf6+ Rg7 36. Qxd6 Kh7 37.
Qe6 Qxe6 0-1

[Event "*** SCC Grand Prix: Titled Tuesday Blitz"]
[Site "Chess.com"]
[Date "2020.10.06"]
[Round "6"]
[White "Chamal_Gedgafov"]
[Black "TomasKapitanchuk"]
[Result "1-0"]
[WhiteElo "2177"]
[BlackElo "2376"]
[TimeControl "180+1"]
[EndTime "11:08:04 PDT"]
[Termination "Chamal_Gedgafov won by checkmate"]

1. d4 Nf6 2. c4 e6 3. Nc3 Bb4 4. e3 O-O 5. Ne2 d5 6. a3 Be7 7. cxd5 exd5 8. Ng3 Bg4 9. Qc2 c6 10. Bd3 g6 11. h3 Be6 12. h4 Ne4 13. Ncxe4 dxe4 14.
Bxe4 Bxh4 15. Ne2 Nd7 16. g3 Be7 17. Nf4 Qe8 18. Bd2 Nf6 19. Nxe6 fxe6 20. Bd3 Ng4 21. f4 b5 22. Be2 Nf6 23. O-O-O c5 24. dxc5 Rc8 25. Kb1 Rxc5 26. Qb3 Qf7 27. Bf3 Rfc8 28. e4 Rc4 29. Rhe1 a6 30. Bc3 Bxa3 31. Qxa3 b4 32. Bxb4 Rb8 33. Bc3 Qc7 34. Rd3 Rc8 35. Red1 Nxe4 36.
Bxe4 Rxe4 37. Rd7 Qc5 38. Rg7+ Kf8 39. Qxc5+ Rxc5 40. Rd8# 1-0

[Event "*** SCC Grand Prix: Titled Tuesday Blitz"]
[Site "Chess.com"]
[Date "2020.10.06"]
[Round "6"]
[White "Shuvalov"]
[Black "GMJustin"]
[Result "1-0"]
[WhiteElo "2421"]
[BlackElo "2265"]
[TimeControl "180+1"]
[EndTime "11:08:05 PDT"]
[Termination "Shuvalov won on time"]

1. Nf3 Nc6 2. d4 Nf6 3. d5 Nb8 4. c4 e6 5. a3 g6 6. Nc3 Bg7 7. e4 O-O 8. Bd3 d6 9. O-O c6 10. Bg5 h6 11. Bh4 exd5 12. cxd5 g5 13. Bg3 cxd5 14.
exd5 Nh5 15. Re1 Nxg3 16. hxg3 Na6 17. Bc2 Nc5 18. Nd4 Qf6 19. Nce2 Bd7 20. b4 Na6 21. Qd3 Rfe8 22. Rad1 Rac8 23. Bb3 Nc7 24. f3 Re7 25. g4 Rce8 26. Qd2 a6 27. Nc2 Re5 28. Ng3 Qe7 29.
Nh5 Rxe1+ 30. Rxe1 Qf8 31. Rxe8 Nxe8 32. Ne3 Be5 33.
Qd3 1-0

[Event "*** SCC Grand Prix: Titled Tuesday Blitz"]
[Site "Chess.com"]
[Date "2020.10.06"]
[Round "6"]
[White "KyrgyzFighter"]
[Black "MVM2008"]
[Result "0-1"]
[WhiteElo "2381"]
[BlackElo "2233"]
[TimeControl "180+1"]
[EndTime "11:08:05 PDT"]
[Termination "MVM2008 won by checkmate"]

1. c4 d6 2. Nc3 e5 3. g3 g6 4. Bg2 Bg7 5. e3 Ne7 6. Nge2 O-O 7. O-O Be6 8. Bxb7 Nd7 9. Bxa8 Qxa8 10. f3 f5 11. d4 f4 12. exf4 Bxc4 13. dxe5 Nc5 14.
Be3 Nd3 15. b3 Ba6 16. exd6 Nf5 17. Bf2 Qxf3 18. Bxa7 Qg4 19. dxc7 Qh3 20. Ne4 Re8 21. N2c3 Bxc3 22. Nxc3 Bb7 23. Qd2 Nxg3 24. c8=Q Rxc8 25. f5 Nxf1 26. Rxf1 Qg4+ 27. Qg2 Qxg2# 0-1

[Event "*** SCC Grand Prix: Titled Tuesday Blitz"]
[Site "Chess.com"]
[Date "2020.10.06"]
[Round "6"]
[White "aisha_zakirova"]
[Black "northridgehawk"]
[Result "0-1"]
[WhiteElo "2172"]
[BlackElo "2305"]
[TimeControl "180+1"]
[EndTime "11:08:05 PDT"]
[Termination "northridgehawk won by checkmate"]

1. d4 f5 2. e4 fxe4 3. Nc3 Nf6 4. Bg5 c6 5. Bxf6 exf6 6. Nxe4 d5 7. Nc3 Bd6 8. Bd3 O-O 9. Nge2 Bg4 10. O-O Nd7 11.
Qd2 Qc7 12. h3 Bh5 13. f4 Rae8 14. Ng3 Bf7 15. Nf5 Bb4 16. Qf2 Bg6 17. Qg3 Rf7 18.
Rae1 Rxe1 19. Rxe1 Nf8 20. Qg4 Bxf5 21. Bxf5 g6 22.
Be6 Nxe6 23. Qxe6 f5 24. Re5 Bd6 25. Qe8+ Kg7 26. Re2 Bxf4 27. Kf2 Bg3+ 28. Kg1 Bd6 29. h4 Re7 30. Rxe7+ Qxe7 31. Qxe7+ Bxe7 32. g3 Bd6 33. Kg2 Kf6 34. Ne2 h6 35. c3 g5 36. Nc1 f4 37.
gxf4 Bxf4 38. Nd3 Kf5 39. h5 Kg4 40. Nc5 Kxh5 41. Nxb7 Kg4 42. Nd8 h5 43. Nxc6 h4 44. Nxa7 h3+ 45. Kh1 Kf3 46. b4 g4 47. b5 g3 48. b6 g2+ 49. Kg1 Kg3 50. b7 h2# 0-1

[Event "*** SCC Grand Prix: Titled Tuesday Blitz"]
[Site "Chess.com"]
[Date "2020.10.06"]
[Round "6"]
[White "AliKa2810"]
[Black "denispopov"]
[Result "1-0"]
[WhiteElo "2571"]
[BlackElo "2004"]
[TimeControl "180+1"]
[EndTime "11:08:06 PDT"]
[Termination "AliKa2810 won on time"]

1. d4 Nf6 2. c4 g6 3. Nc3 d5 4. Bg5 Ne4 5. Bf4 Nxc3 6. bxc3 Bg7 7. e3 O-O 8. Nf3 c5 9. cxd5 Qxd5 10. Be2 Nc6 11.
O-O cxd4 12. cxd4 Bf5 13. Qb3 Qxb3 14. axb3 a6 15. Rfc1 Rac8 16. h3 Nb4 17. g4 Be6 18. Bc4 Bxc4 19. Rxc4 Nd3 20. Bg3 Rxc4 21. bxc4 Rc8 22.
Rb1 Rxc4 23. Rxb7 Bf8 24. Ra7 Ra4 25. d5 Ra5 26. e4 Nc5 27. Nd2 Ra2 28. Bf4 Nd3 29.
Be3 Ne5 30. Kg2 a5 31. Ra8 a4 32. Bh6 Nd7 33. e5 Rxd2 34. e6 fxe6 35. dxe6 Rd6 36. exd7 1-0

[Event "*** SCC Grand Prix: Titled Tuesday Blitz"]
[Site "Chess.com"]
[Date "2020.10.06"]
[Round "6"]
[White "Gusarov91"]
[Black "guillembaches"]
[Result "1/2-1/2"]
[WhiteElo "2583"]
[BlackElo "2426"]
[TimeControl "180+1"]
[EndTime "11:08:07 PDT"]
[Termination "Game drawn - insufficient material"]

1. d4 d5 2. Nf3 Nc6 3. Bg5 h6 4. Bf4 Bg4 5. Ne5 Nxe5 6. Bxe5 e6 7. h3 Bh5 8. c4 Nf6 9. Nc3 Be7 10. cxd5 exd5 11.
Qb3 O-O 12. e3 c5 13. dxc5 Bxc5 14. Bxf6 Qxf6 15. Qxd5 Bb4 16. Qb3 Bxc3+ 17. Qxc3 Qb6 18. g4 Bg6 19. Bg2 Rac8 20. Qb3 Qa5+ 21. Kf1 Rc2 22. Rd1 Qa6+ 23. Kg1 Qe2 24. Rf1 Rxb2 25. Qd1 Qxd1 26.
Rxd1 Rc8 27. Rh2 Rcc2 28. Bd5 b5 29. Bb3 Rd2 30. Rxd2 Rxd2 31. f4 Rxh2 32. Kxh2 Bb1 33. a3 a5 34. Kg2 Kf8 35. Kf2 Ke7 36. Ke2 a4 37. Bd5 b4 38. axb4 a3 39. Kd2 a2 40.
Bxa2 Bxa2 41. Kc3 Kd6 42. Kd4 g5 43. Ke4 Bd5+ 44. Kf5 Bg2 45. fxg5 hxg5 46. Kxg5 Bxh3 47. Kf6 Bxg4 48. Kxf7 Ke5 49. b5 Bf3 50. b6 Bd5+ 51. Ke7 Ke4 52. Kd6 Ba8 53. Kc7 Kxe3 54. Kb8 Bd5 55. Kc7 Be4 56. Kd6 Bf3 57. Kc7 Be4 58.
b7 Bxb7 1/2-1/2

[Event "*** SCC Grand Prix: Titled Tuesday Blitz"]
[Site "Chess.com"]
[Date "2020.10.06"]
[Round "6"]
[White "Mbneu"]
[Black "Korchmar_Vasiliy"]
[Result "0-1"]
[WhiteElo "2334"]
[BlackElo "2580"]
[TimeControl "180+1"]
[EndTime "11:08:09 PDT"]
[Termination "Korchmar_Vasiliy won on time"]

1. d4 Nf6 2. c4 g6 3. Nc3 d5 4.
cxd5 Nxd5 5. g3 Bg7 6. Bg2 Nxc3 7. bxc3 c5 8. e3 O-O 9. Ne2 Nc6 10. O-O e5 11. d5 Na5 12. e4 Nc4 13. Qb3 Nd6 14.
Be3 b6 15. Rfc1 f5 16. exf5 gxf5 17. f4 e4 18. c4 Bxa1 19. Rxa1 Qf6 20. Rc1 Bd7 21.
Rc2 Rab8 22. Bc1 b5 23. Bb2 Qf7 24. Qc3 Qg6 25. cxb5 Bxb5 26. Nc1 Bc4 27. Nb3 Bxb3 28. axb3 Rb5 29. Bf1 Rb6 30. Qxc5 Rc8 31. Qxc8+ Nxc8 32. Rxc8+ Kf7 33. Bc4 Rb4 34. Be5 Qb6+ 35.
Kf1 Rxc4 36. bxc4 Qb1+ 37. Kf2 Qc2+ 38. Kg1 e3 39. Rc7+ Kg6 40. Rc6+ Kh5 41. g4+ fxg4 0-1

[Event "*** SCC Grand Prix: Titled Tuesday Blitz"]
[Site "Chess.com"]
[Date "2020.10.06"]
[Round "6"]
[White "PattyCastillo"]
[Black "Manukyan_Artak"]
[Result "0-1"]
[WhiteElo "2003"]
[BlackElo "2303"]
[TimeControl "180+1"]
[EndTime "11:08:09 PDT"]
[Termination "Manukyan_Artak won by resignation"]

1. d4 Nf6 2. Nf3 d5 3. e3 Bg4 4.
Bd3 e6 5. Nbd2 c5 6. b3 cxd4 7. exd4 Nc6 8. Bb2 Bd6 9. O-O Qc7 10. a3 Bxh2+ 11. Kh1 Bf4 12. Qe1 O-O 13. c4 Rad8 14.
c5 Rfe8 15. g3 Bxd2 16. Nxd2 e5 17. dxe5 Nd7 18. f4 Nxc5 19. Be2 Bxe2 20. Qxe2 f6 21. Qb5 Qb6 22. Qxb6 axb6 23. exf6 Nd3 24. Bc3 d4 25. Bb4 Ncxb4 26. axb4 gxf6 27. Ra7 Re2 28. Nf3 Nf2+ 29. Kg1 Nh3+ 30. Kh1 d3 31. Raa1 d2 32. b5 Nf2+ 33. Kg1 d1=Q 34. Raxd1 Rxd1 35. Rxd1 Nxd1 36. Nd4 Rd2 37. Nf5 Kf7 38. Kf1 Rd5 39. Nh6+ Kg6 40.
Ng4 Rxb5 41. Ke2 Nc3+ 42. Kd3 Na2 43. Kc2 Rc5+ 44. Kb2 Nb4 45. Ka3 Nd3 46. b4 Rc3+ 47. Ka2 Nxb4+ 48. Kb2 Rxg3 0-1

[Event "*** SCC Grand Prix: Titled Tuesday Blitz"]
[Site "Chess.com"]
[Date "2020.10.06"]
[Round "6"]
[White "Inga83"]
[Black "stefy02"]
[Result "1-0"]
[WhiteElo "2417"]
[BlackElo "2249"]
[TimeControl "180+1"]
[EndTime "11:08:10 PDT"]
[Termination "Inga83 won by resignation"]

1. d4 Nf6 2. c4 e6 3. g3 d5 4. Nf3 Be7 5. Nc3 O-O 6. cxd5 exd5 7. Bg2 Bf5 8. O-O Nbd7 9. Qb3 Nb6 10. Bf4 c6 11. Nd2 Nh5 12. Be3 Qd7 13. Bf3 Nf6 14.
Rfc1 Bh3 15. a4 Ng4 16. Bf4 g5 17. Bxg4 Bxg4 18. Be3 f5 19. f4 Qe6 20. Kf2 Bd6 21. a5 Nd7 22. Qxb7 Rae8 23. Nf1 gxf4 24. gxf4 Rf7 25.
Qxc6 Bh3 26. Qxd5 Qg6 27. Qf3 Bg4 28. Qg2 Be7 29. Ke1 Bh4+ 30. Kd2 Rb8 31. Rc2 Nf6 32. h3 Bh5 33. Qxg6+ hxg6 34. Rb1 Rd7 35. b4 Rbd8 36. b5 Nh7 37. b6 axb6 38. axb6 Rb8 39. Na4 Bf6 40. Nc5 Rd6 41. b7 Bxd4 42. Bxd4 Rxd4+ 43.
Ke3 Rd6 44. Rd2 Re8+ 45. Kf2 Rxd2 46. Nxd2 Rxe2+ 47. Kf1 Rxd2 1-0

[Event "*** SCC Grand Prix: Titled Tuesday Blitz"]
[Site "Chess.com"]
[Date "2020.10.06"]
[Round "6"]
[White "TheMagnet"]
[Black "topotun"]
[Result "0-1"]
[WhiteElo "2584"]
[BlackElo "2750"]
[TimeControl "180+1"]
[EndTime "11:08:12 PDT"]
[Termination "topotun won on time"]

1. d4 Nf6 2. c4 c5 3. d5 e6 4. Nc3 exd5 5. cxd5 d6 6. e4 g6 7. f4 Bg7 8. Nf3 O-O 9. Be2 b5 10.
e5 Nfd7 11. e6 fxe6 12. dxe6 Nb6 13. Bxb5 Bxe6 14. O-O Kh8 15. Ng5 Bg8 16. Qf3 d5 17. Bd3 c4 18. Bc2 Nc6 19. Be3 Nb4 20. Bxg6 Qxg5 21. fxg5 Rxf3 22. Rxf3 hxg6 23. Rh3+ Bh7 24. Rd1 Rd8 25. Ne4 Nd7 26. Bxa7 Nd3 27. Nd6 Kg8 28. b3 N7e5 29. Nb5 Rd7 30. Bd4 Ng4 31. Bxg7 Kxg7 32. bxc4 dxc4 33. Na3 Bg8 34. Rh4 Nge5 35. Re4 Ra7 0-1

[Event "*** SCC Grand Prix: Titled Tuesday Blitz"]
[Site "Chess.com"]
[Date "2020.10.06"]
[Round "6"]
[White "ZverevLev"]
[Black "ErikRonka"]
[Result "1-0"]
[WhiteElo "2345"]
[BlackElo "2437"]
[TimeControl "180+1"]
[EndTime "11:08:12 PDT"]
[Termination "ZverevLev won by resignation"]

1. e4 c5 2. Nf3 d6 3. d4 cxd4 4. Nxd4 Nf6 5. Nc3 a6 6. Bg5 h5 7. f4 Qb6 8. Qd2 Nc6 9. Nxc6 bxc6 10. O-O-O Ng4 11. Bh4 Qe3 12. Bc4 Qxd2+ 13. Rxd2 e6 14. Bb3 Be7 15. Bxe7 Kxe7 16. h3 Nh6 17. Rhd1 d5 18. exd5 cxd5 19. Re1 Kf6 20. Ne2 Nf5 21. g4 hxg4 22. hxg4 Nd6 23. Nc3 Rh4 24. Bxd5 exd5 25. Nxd5+ Kg6 26. Nb6 Nc4 27. Nxc4 Bxg4 28. Ne5+ Kf5 29.
Nxf7 Kxf4 30. Rd4+ Kf5 31. Nd6+ Kg5 32. Rg1 Rf8 33.
Ne4+ Kh5 34. Rd5+ Rf5 35. Ng3+ Kg5 36. Nxf5 Kf4 37. Nxh4 Bf3 1-0

[Event "*** SCC Grand Prix: Titled Tuesday Blitz"]
[Site "Chess.com"]
[Date "2020.10.06"]
[Round "6"]
[White "Kotofeyca"]
[Black "PawnEatingZombie"]
[Result "1-0"]
[WhiteElo "2344"]
[BlackElo "2195"]
[TimeControl "180+1"]
[EndTime "11:08:12 PDT"]
[Termination "Kotofeyca won on time"]

1. d4 d5 2. c4 e6 3. Nc3 Bb4 4. Nf3 dxc4 5. e3 b5 6. a4 c6 7. Bd2 a5 8. axb5 Bxc3 9. Bxc3 cxb5 10. b3 Bb7 11. bxc4 b4 12. Bb2 Nf6 13. Bd3 O-O 14.
O-O Nbd7 15. Re1 Ne4 16. Qc2 f5 17. Nd2 Nxd2 18. Qxd2 Nf6 19. f3 Qc7 20. e4 fxe4 21. fxe4 e5 22. dxe5 Ng4 23. h3 Nxe5 24. Bc2 Rad8 25.
Qg5 Rde8 26. Ba4 h6 27. Bxe5 Rxe5 28. Qg3 Qc5+ 29. Kh2 Rxe4 30. Rxe4 Bxe4 31. Re1 Bh7 32. Re5 Qd4 33. c5 Kh8 34. Bb3 a4 35. Bxa4 Qc3 36. c6 1-0

[Event "*** SCC Grand Prix: Titled Tuesday Blitz"]
[Site "Chess.com"]
[Date "2020.10.06"]
[Round "6"]
[White "WIDBIFS"]
[Black "AldokhinIvan"]
[Result "1-0"]
[WhiteElo "2730"]
[BlackElo "2541"]
[TimeControl "180+1"]
[EndTime "11:08:13 PDT"]
[Termination "WIDBIFS won by resignation"]

1. d4 Nf6 2. Nf3 g6 3. g3 Bg7 4. Bg2 O-O 5. O-O c6 6. c4 d5 7. cxd5 cxd5 8. Ne5 Ng4 9. Nxg4 Bxg4 10. h3 Be6 11.
Nc3 Nc6 12. e3 Rc8 13. Na4 b6 14. Bd2 Qd7 15. Kh2 Nd8 16. b3 Nb7 17. Qe2 Rc2 18.
Rfc1 Rfc8 19. Qd1 Bf5 20. Nc3 R8xc3 21. Bxc3 Rxf2 22. Qe1 Rxg2+ 23. Kxg2 Bxh3+ 24. Kh2 Nd6 25. Bb4 Ne4 26. Rc2 Bg4 27. Rac1 Bf6 28. Qf1 Kg7 29.
Rc7 Qe6 30. R1c6 Nd6 31. Bxd6 exd6 32. Qf4 g5 33. Qxd6 Qf5 34. Qxf6+ Qxf6 35. Rxf6 Kxf6 36.
Rxa7 Bh5 37. Rb7 Kf5 38. Rxb6 Ke4 39. a4 Kxe3 40. a5 Kxd4 41. a6 Kc5 42. Rb8 Bf3 43. a7 d4 44. Rd8 Ba8 45. Rxa8 d3 46. Rd8 1-0

[Event "*** SCC Grand Prix: Titled Tuesday Blitz"]
[Site "Chess.com"]
[Date "2020.10.06"]
[Round "6"]
[White "Arfan48"]
[Black "dosto07"]
[Result "1-0"]
[WhiteElo "2244"]
[BlackElo "2331"]
[TimeControl "180+1"]
[EndTime "11:08:13 PDT"]
[Termination "Arfan48 won on time"]

1. e4 e5 2. Nf3 Nc6 3. Bb5 a6 4.
Ba4 Nf6 5. O-O Be7 6. Re1 b5 7. Bb3 O-O 8. h3 d6 9. c3 Nb8 10. d4 Nbd7 11. Nbd2 Bb7 12. Bc2 Re8 13. Nf1 Bf8 14. Ng3 g6 15. a4 c5 16. d5 c4 17.
h4 h5 18. Bg5 Qb6 19. Qd2 Ng4 20.
a5 Qc7 21. Nh2 Nxh2 22. Kxh2 Bg7 23. f3 Nc5 24. Bh6 Qe7 25. Bg5 Qf8 26. Rh1 Kh7 27. Be3 Bh6 28. Kg1 Bxe3+ 29. Qxe3 Qh6 30. Nf1 Qxe3+ 31. Nxe3 Kg7 32. Kf2 Bc8 33. g4 Rh8 34. Kg3 Bd7 35. Raf1 Rae8 36. Rf2 Nb7 37. Ra1 Rh7 38.
g5 Rhh8 39. f4 exf4+ 40. Rxf4 Nc5 41. Raf1 Re7 42. Rf6 Nxe4+ 43. Bxe4 Rxe4 44. Rxf7+ Kg8 45. Rf8+ 1-0

[Event "*** SCC Grand Prix: Titled Tuesday Blitz"]
[Site "Chess.com"]
[Date "2020.10.06"]
[Round "6"]
[White "akashcheck"]
[Black "DishonorOnYourCow"]
[Result "0-1"]
[WhiteElo "2241"]
[BlackElo "2412"]
[TimeControl "180+1"]
[EndTime "11:08:14 PDT"]
[Termination "DishonorOnYourCow won on time"]

1. e4 c5 2. Nf3 d6 3. Bb5+ Nd7 4. d4 cxd4 5. Qxd4 a6 6. Bxd7+ Bxd7 7. c4 b5 8. Nc3 Nf6 9. e5 dxe5 10. Nxe5 Qc7 11.
Nxd7 Nxd7 12. cxb5 axb5 13. Nxb5 Qb7 14. Qd5 Qxd5 15. Nc7+ Kd8 16. Nxd5 e6 17. Nc3 Bb4 18. Bd2 Ne5 19. Ke2 Nc4 20. a3 Bc5 21. Ne4 Bb6 22.
b3 Ne5 23. Bb4 Nc6 24. Rhd1+ Kc7 25. Rac1 Rhd8 26. Nd6 f5 27. Rd2 Ba5 28. Bxa5+ Rxa5 29.
Nc4 Rxd2+ 30. Kxd2 Rd5+ 31. Ke3 Kb7 32. b4 e5 33. f3 f4+ 34. Ke4 Rd4+ 35. Kf5 g6+ 36. Ke6 e4 0-1

[Event "*** SCC Grand Prix: Titled Tuesday Blitz"]
[Site "Chess.com"]
[Date "2020.10.06"]
[Round "6"]
[White "dominikaf"]
[Black "WildTricks"]
[Result "0-1"]
[WhiteElo "2257"]
[BlackElo "2441"]
[TimeControl "180+1"]
[EndTime "11:08:14 PDT"]
[Termination "WildTricks won on time"]

1. d4 Nf6 2. Bf4 c5 3. e3 Qb6 4.
Nc3 cxd4 5. exd4 d5 6. Nb5 Na6 7. c3 Bd7 8. a4 g6 9. Bd3 Bg7 10. h4 O-O 11. h5 Bg4 12. f3 Nxh5 13. Rxh5 Bxh5 14. Qe2 e5 15. a5 Qf6 16. Bxe5 Qh4+ 17.
g3 Qh1 18. O-O-O Rfe8 19. Qf2 Bxe5 20. dxe5 g5 21. g4 Bg6 22. Ne2 Qh3 23. Bxg6 hxg6 24. Ng3 Qh8 25. f4 gxf4 26. Qxf4 Qxe5 27. Qf2 Qe3+ 28. Qxe3 Rxe3 29. Nf1 Rf3 30. Nd2 Rf4 31. Nb3 Rd8 32. N3d4 Rxg4 33. Na3 Nc5 34. Nac2 Rg2 35. Ne3 Rf2 36. b4 Ne4 0-1

[Event "*** SCC Grand Prix: Titled Tuesday Blitz"]
[Site "Chess.com"]
[Date "2020.10.06"]
[Round "6"]
[White "Lagmantr"]
[Black "TigrVShlyape"]
[Result "0-1"]
[WhiteElo "2647"]
[BlackElo "2819"]
[TimeControl "180+1"]
[EndTime "11:08:15 PDT"]
[Termination "TigrVShlyape won by checkmate"]

1. Nf3 Nf6 2. c4 g6 3. b3 Bg7 4. Bb2 O-O 5. g3 d6 6. d4 Nbd7 7.
Bg2 c6 8. O-O Re8 9. Nc3 e5 10.
Qc2 e4 11. Ng5 d5 12. cxd5 cxd5 13. Nb5 h6 14. Nh3 Re6 15. Rac1 Rc6 16. Qd2 Nb8 17. Ba3 Rxc1 18. Rxc1 Nc6 19. e3 g5 20. Bf1 a6 21.
Nc3 Bg4 22. Na4 Nd7 23. Kh1 Bf3+ 24. Bg2 Qf6 25. Ng1 Bxg2+ 26. Kxg2 h5 27. Qd1 Qg6 28. Nc5 Nxc5 29. Rxc5 Rd8 30. b4 Bf8 31. Rc1 Na7 32.
Bb2 Nb5 33. a4 Nd6 34. Rc5 Nc4 35. Bc3 b6 36. Rc7 h4 37. Nh3 Bd6 38. Ra7 g4 39.
Nf4 h3+ 40. Kf1 Bxf4 41. gxf4 b5 42. axb5 axb5 43. Qa1 g3 44. hxg3 Qg4 45. Kg1 Nxe3 46. Ra8 Rxa8 47. Qxa8+ Kg7 48. Qd8 Qd1+ 49. Kh2 Ng4+ 50.
Kxh3 Nxf2+ 51. Kh4 Qg4# 0-1